 Dungeon Crawl Stone Soup version 0.18.1-50-g88ac8fd (webtiles) character file.

2403 Gargoyl the Covered (level 9, -3/68 HPs)
             Began as a Demonspawn Abyssal Knight on Oct 29, 2016.
             Was a Priest of Lugonu.
             Slain by an orc warrior
             ... wielding a cursed +0 trident
              (18 damage)
             ... on level 7 of the Dungeon.
             The game lasted 00:10:36 (7024 turns).

Gargoyl the Covered (Demonspawn Abyssal Knight)     Turns: 7024, Time: 00:10:37

Health: -3/68      AC: 15    Str: 17    XL:     9   Next: 23%
Magic:  15/15      EV:  6    Int: 13    God:    Lugonu [***...]
Gold:   159        SH:  9    Dex: 14    Spells: 0 memorised, 8 levels left

rFire  . . .     SeeInvis .     l - +5 hand axe
rCold  + . .     Gourm    .     j - +0 chain mail
rNeg   . . .     Faith    .     q - +0 shield
rPois  .         Spirit   .     k - +0 helmet
rElec  .         Dismiss  .     e - +0 cloak
rCorr  .         Reflect  .     r - +1 pair of gloves
SustAt .         Harm     .     (no boots)
MR     .....                    (no amulet)
Stlth  ..........               (no ring)
                                (no ring)

@: not resistant to hostile enchantments, extremely unstealthy
A: hooves 1, thin skeletal structure 1, cold resistance 1, high mp 1, spiny 1
a: Depart the Abyss, Bend Space, Banish, Renounce Religion


You were on level 7 of the Dungeon.
You worshipped Lugonu.
Lugonu was most pleased with you.
You were hungry.

You visited 1 branch of the dungeon, and saw 7 of its levels.
You visited the Abyss 1 time.

You collected 159 gold pieces.

Inventory:

Hand Weapons
 a - a +1 hand axe
 l - a +5 hand axe (weapon)
 H - a +0 war axe
Missiles
 y - 5 tomahawks (quivered)
Armour
 e - a +0 cloak (worn)
 j - a +0 chain mail (worn)
 k - a +0 helmet (worn)
 q - a +0 shield (worn)
 r - a +1 pair of gloves (worn)
Jewellery
 b - an uncursed ring of poison resistance {unknown}
 t - an uncursed ring of flight
Wands
 f - a wand of iceblast (10/15)
 D - a wand of iceblast (10/15)
Scrolls
 d - 5 scrolls of fear
 g - 2 scrolls of remove curse
 h - a scroll of recharging
 x - 2 scrolls of teleportation
 G - 2 scrolls of identify
Potions
 m - a potion of might
 n - a potion of curing
 v - a potion of ambrosia {unknown}
 w - a potion of haste
 z - 2 potions of resistance
 A - a potion of degeneration {unknown}
 C - a potion of invisibility {unknown}
Comestibles
 c - 6 bread rations
 i - a fruit
 p - 2 slices of pizza
 s - 4 beef jerkies
 B - a meat ration


   Skills:
 + Level 5.6 Fighting
 + Level 4.2 Axes
 * Level 7.7 Armour
 + Level 2.8 Dodging
 + Level 2.6 Shields
 * Level 7.0 Invocations


You had 8 spell levels left.
You didn't know any spells.

Dungeon Overview and Level Annotations

Branches:
Dungeon (7/15)             Temple (0/1) D:4

Altars:
Pakellas
Qazlal
Sif Muna


Innate Abilities, Weirdness & Mutations

You have large cloven feet.
You have a somewhat thin skeletal structure (Dex +2, Stealth).
Your flesh is cold resistant.
You are partially covered in sharp spines.
You have an increased reservoir of magic (+10% MP).


Message History

The orc is struck by your spines.
You kill the orc!
Lugonu accepts your kill.
The orc warrior hits you but does no damage.
Your shield and chain mail prevent you from hitting the orc warrior.
The orc warrior is heavily wounded.
The orc warrior hits you but does no damage.
You barely miss the orc warrior.
You kick the orc warrior, but do no damage.
The orc warrior is heavily wounded.
The orc warrior hits you but does no damage.
You closely miss the orc warrior.
The orc warrior is heavily wounded.
The orc warrior hits you with a trident!
* * * LOW HITPOINT WARNING * * *
You barely miss the orc warrior.
You kick the orc warrior, but do no damage.
The orc warrior is heavily wounded.
The orc warrior hits you with a trident!!
You die...

#.....## . .. .#
..#.....#. .. #.#
#......... ># ..#
......#.##.###..#
#....#.#..#....#
#....#...##<...#
###....#..###....#
..............)..#
........@.###....#
.......)o## #....#
.......... #....#
.)......#.# ###.##
.....<..#.# .#
........#.# .#
........#.#
....... ..


You could see an orc warrior.

Vanquished Creatures
  The ghost of Zenobius the Archer, a novice CeHu of Makhleb (D:4)
  A two-headed ogre (D:6)
  Grinder (D:3)
  A water moccasin (D:6)
  An orc warrior (D:6)
  A sky beast (D:5)
  3 ogres
  A centaur (D:6)
  3 giant frogs (D:6)
  4 wights (D:6)
  2 jellies
  A hound (D:5)
  5 orc wizards
  3 orc priests (D:6)
  Ijyb (D:2)
  2 iguanas
  4 worker ants
  2 hound skeletons
  A worker ant zombie (D:6)
  4 gnolls (D:6)
  6 adders
  2 oozes
  2 adder skeletons
  2 worms
  3 dart slugs
  5 giant geckos
  25 orcs
  4 bats
  A giant cockroach (D:4)
  4 hobgoblins
  5 jackals (D:6)
  A quokka (D:5)
  4 giant newts
  7 goblins
  A jackal zombie (D:5)
  5 kobolds
  3 rats (D:1)
122 creatures vanquished.

Notes
Turn   | Place    | Note
--------------------------------------------------------------
     0 | Abyss:1  | Gargoyl the Demonspawn Abyssal Knight began the quest for the Orb.
     0 | Abyss:1  | Reached XP level 1. HP: 18/18 MP: 2/2
    63 | Abyss:2  | Noticed a neqoxec
    63 | Abyss:2  | Noticed a chaos spawn
    64 | D:1      | Escaped the Abyss
   291 | D:1      | Reached * piety under Lugonu
   433 | D:1      | Gained mutation: You are partially covered in sharp spines. [demonic ancestry]
   433 | D:1      | Reached XP level 2. HP: 22/24 MP: 3/3
   731 | D:2      | Noticed Ijyb
   735 | D:2      | Killed Ijyb
   735 | D:2      | Gained mutation: You have a somewhat thin skeletal structure (Dex +2, Stealth). [demonic ancestry]
   735 | D:2      | Reached XP level 3. HP: 28/29 MP: 3/5
  1420 | D:3      | Reached skill level 1 in Dodging
  1542 | D:3      | Reached XP level 4. HP: 36/37 MP: 6/6
  1925 | D:2      | Found a deep blue altar of Sif Muna.
  2113 | D:3      | Noticed Grinder
  2128 | D:3      | Paralysed by Grinder for 7 turns
  2130 | D:3      | Killed Grinder
  2130 | D:3      | Reached XP level 5. HP: 6/43 MP: 7/7
  2130 | D:3      | Gained mutation: Your flesh is cold resistant. [demonic ancestry]
  2130 | D:3      | Reached XP level 6. HP: 6/49 MP: 8/8
  2571 | D:4      | Reached ** piety under Lugonu
  2860 | D:4      | Noticed Zenobius's ghost (novice CeHu)
  2870 | D:4      | Gained mutation: You have an increased reservoir of magic (+10% MP). [potion of mutation]
  2870 | D:4      | Gained mutation: You have a pair of small antennae on your head. [potion of mutation]
  2870 | D:4      | Gained mutation: You are resistant to electric shocks. [potion of mutation]
  3406 | D:3      | Gained mutation: You have large cloven feet. [demonic ancestry]
  3406 | D:3      | Reached XP level 7. HP: 12/55 MP: 11/11
  3679 | D:3      | Gained mutation: You expend magic power (3 MP) to strengthen your wands. [potion of mutation]
  3679 | D:3      | Gained mutation: Your spells are a little easier to cast, but a little less powerful. [potion of mutation]
  3679 | D:3      | Gained mutation: You are somewhat resistant to further mutation. [potion of mutation]
  3693 | D:4      | Killed Zenobius's ghost
  3693 | D:4      | Reached skill level 5 in Armour
  3693 | D:4      | Reached skill level 1 in Shields
  3693 | D:4      | Reached skill level 5 in Invocations
  4001 | D:4      | Found a staircase to the Ecumenical Temple.
  4016 | D:4      | Found a stormy altar of Qazlal.
  4169 | D:4      | Got a scorched chain mail
  4170 | D:4      | Identified the cursed +1 chain mail "Erez" {*Confuse +Blink rElec SInv} (You found it on level 4 of the Dungeon)
  4174 | D:4      | Lost mutation: You expend magic power (3 MP) to strengthen your wands. [potion of cure mutation]
  4174 | D:4      | Lost mutation: You are resistant to electric shocks. [potion of cure mutation]
  4174 | D:4      | Lost mutation: You are somewhat resistant to further mutation. [potion of cure mutation]
  4174 | D:4      | Lost mutation: Your spells are a little easier to cast, but a little less powerful. [potion of cure mutation]
  4174 | D:4      | Lost mutation: You have a pair of small antennae on your head. [potion of cure mutation]
  4368 | D:5      | Entered Level 5 of the Dungeon
  4415 | D:5      | Found an oddly glowing altar of Pakellas.
  4643 | D:5      | Reached XP level 8. HP: 61/61 MP: 13/13
  4832 | D:5      | Reached skill level 5 in Fighting
  4938 | D:5      | Got a transparent rapier
  4939 | D:5      | Identified the +6 rapier of Vesoipo {pierce, +Inv Int+4} (You found it on level 5 of the Dungeon)
  5157 | D:6      | HP: 3/62 [orc warrior/flail of crushing (5)]
  5161 | D:6      | Reached *** piety under Lugonu
  5750 | D:6      | Noticed a two-headed ogre
  5760 | D:6      | Killed a two-headed ogre
  6431 | D:6      | Reached XP level 9. HP: 68/68 MP: 15/15
  7024 | D:7      | Slain by an orc warrior

Skill      XL: |  1  2  3  4  5  6  7  8  9 |
---------------+----------------------------+-----
Armour         | 2 3 4 5 7 |  7.7
Axes           | 2 3 4 |  4.2
Invocations    | 3 4 5 6 7 |  7.0
Dodging        | 1 2 |  2.8
Fighting       | 4 5 |  5.6
Shields        | 1 2 |  2.6

Action                   |  1- 3 |  4- 6 |  7- 9 || total
-------------------------+-------+-------+-------++-------
Melee: Hand axe          |    54 |    56 |   220 ||   330
       Kick              |       |       |    70 ||    70
Invok: Depart the Abyss  |     1 |       |       ||     1
  Use: Scroll            |     4 |       |    10 ||    14
       Potion            |       |     2 |     9 ||    11
  Eat: Chunk             |     2 |     1 |    10 ||    13
       Fruit             |       |     7 |       ||     7
Armor: Chain mail        |    26 |    37 |   119 ||   182
       Leather armour    |     2 |       |       ||     2
Dodge: Dodged            |    18 |     7 |    63 ||    88
Block: Shield            |     2 |    16 |   106 ||   124
